 Dungeon Crawl Stone Soup version 0.20-a0-309-gcba9277 (webtiles) character file.

9062 Junicave the Geomancer (level 11, -3/64 HPs)
             Began as a Gargoyle Earth Elementalist on Dec 19, 2016.
             Was a High Priest of Vehumet.
             Slain by an unseen horror (7 damage)
             ... on level 11 of the Dungeon.
             The game lasted 00:55:27 (13983 turns).

Junicave the Geomancer (GrEE)                      Turns: 13983, Time: 00:55:27

Health: -3/64      AC: 19    Str:  6 (7)  XL:     11   Next: 40%
Magic:  1/30       EV: 13    Int: 20 (22) God:    Vehumet [*****.]
Gold:   600        SH:  0    Dex:  8 (10) Spells: 3/24 levels left

rFire  . . .     SeeInvis .     a - +6 club
rCold  + + .     Gourm    .     K - +1 robe of Too Many Cooks {rC+ Regen+ Int+4}
rNeg   + . .     Faith    +     (no shield)
rPois  ∞         Spirit   .     v - +0 helmet
rElec  +         Reflect  .     N - +1 cloak {+Inv}
rCorr  .         Harm     .     I - +2 pair of gloves
MR     .....                    (no boots)
Stlth  ++........               R - amulet of faith
                                s - ring of magical power
                                k - +3 ring of protection

@: no status effects
A: hooves 1, camouflage 1, cold resistance 1, dopey 1, negative energy
resistance 1, electricity resistance, weak 2, unbreathing, petrification
resistance, rot immunity, AC +7
a: Renounce Religion, Evoke Invisibility


You were on level 11 of the Dungeon.
You worshipped Vehumet.
Vehumet was extremely pleased with you.
You were very hungry.

You visited 1 branch of the dungeon, and saw 11 of its levels.

You collected 600 gold pieces.

Inventory:

Hand Weapons
 a - a +6 club (weapon)
Missiles
 l - 346 stones (quivered)
Armour
 o - a +2 robe of resistance
 v - a +0 helmet (worn)
 I - a +2 pair of gloves (worn)
 K - the +1 robe of Too Many Cooks (worn) {rC+ Regen+ Int+4}
   (You took it off an orc on level 6 of the Dungeon)

   It affects your intelligence (+4).
   It protects you from cold.
   It increases your rate of regeneration.
 N - a +1 cloak of invisibility (worn)
Rods
 b - a +2 rod of ignition (9/14)
   (You found it on level 9 of the Dungeon)
Jewellery
 k - a +3 ring of protection (left hand)
 m - an uncursed ring of resist corrosion
 s - a ring of magical power (right hand)
 t - an uncursed ring of fire
 C - an uncursed ring of ice
 R - an amulet of faith (around neck)
Wands
 d - a wand of iceblast (7/15)
 f - a wand of flame (32/48)
 i - a wand of flame (14/48)
 A - a wand of polymorph (13/24)
 G - a wand of lightning (2/15)
 J - a wand of paralysis (11/24)
 P - a wand of lightning (5/15)
 T - a wand of iceblast (11/15)
Scrolls
 g - 4 scrolls of fog
 n - 3 scrolls of magic mapping
 q - 4 scrolls of recharging
 u - a scroll of noise {unknown}
 w - a scroll of enchant weapon
 y - 3 scrolls of teleportation
 D - 7 scrolls of remove curse
 E - a scroll of immolation
 F - 2 scrolls of blinking
 H - a scroll of identify
 M - 2 scrolls of enchant armour
 Q - a scroll of summoning {unknown}
Potions
 p - 3 potions of curing
 z - a potion of heal wounds
Books
 c - a book of Conjurations

   Spells                             Type                      Level
   a - Magic Dart                     Conjuration                  1
   b - Searing Ray                    Conjuration                  2
   c - Dazzling Spray                 Conjuration/Hexes            3
   d - Fulminant Prism                Conjuration/Hexes            4
   e - Iskenderun's Mystic Blast      Conjuration                  4
   f - Iskenderun's Battlesphere      Conjuration/Charms           5
 e - a book of Geomancy

   Spells                             Type                      Level
   a - Sandblast                      Earth                        1
   b - Passwall                       Transmutation/Earth          2
   c - Stone Arrow                    Conjuration/Earth            3
   d - Petrify                        Transmutation/Earth          4
   e - Lee's Rapid Deconstruction     Earth                        5
 x - a book of Minor Magic

   Spells                             Type                      Level
   a - Magic Dart                     Conjuration                  1
   b - Blink                          Translocation                2
   c - Call Imp                       Summoning                    2
   d - Repel Missiles                 Charms/Air                   2
   e - Slow                           Hexes                        2
   f - Conjure Flame                  Conjuration/Fire             3
   g - Mephitic Cloud                 Conjuration/Poison/Air       3
 B - a book of Flames

   Spells                             Type                      Level
   a - Flame Tongue                   Conjuration/Fire             1
   b - Throw Flame                    Conjuration/Fire             2
   c - Conjure Flame                  Conjuration/Fire             3
   d - Inner Flame                    Hexes/Fire                   3
   e - Sticky Flame                   Conjuration/Fire             4
   f - Fireball                       Conjuration/Fire             5
 V - a book of Cantrips

   Spells                             Type                      Level
   a - Confusing Touch                Hexes                        1
   b - Animate Skeleton               Necromancy                   1
   c - Summon Small Mammal            Summoning                    1
   d - Apportation                    Translocation                1
Comestibles
 h - 7 meat rations
 j - 10 fruits
 r - 7 bread rations
 L - a royal jelly
 O - 3 chunks of flesh
 S - a slice of pizza


   Skills:
 + Level 5.2 Fighting
 + Level 6.0 Maces & Flails
 + Level 4.7 Dodging
 - Level 2.1 Stealth
 * Level 7.3 Spellcasting
 + Level 6.9 Conjurations
 - Level 0.7 Transmutations
 + Level 4.9 Fire Magic
 + Level 8.3 Earth Magic
 + Level 5.1 Poison Magic
 + Level 4.1 Evocations


You had 3 spell levels left.
You knew the following spells:

 Your Spells              Type           Power        Failure   Level  Hunger
a - Sandblast             Erth           #####.       1%          1    None
b - Stone Arrow           Conj/Erth      #####.       1%          3    #......
c - Lee's Rapid Deconstr  Erth           #####.....   2%          5    #####..
d - Mephitic Cloud        Conj/Pois/Air  ###.....     2%          3    #......
e - Shock                 Conj/Air       ###.         1%          1    None
f - Irradiate             Conj/Tmut      ###.......   19%         5    #####..
g - Ignite Poison         Fire/Tmut/Pois ###.....     2%          3    #......


Dungeon Overview and Level Annotations

Branches:
Dungeon (11/15)            Temple (0/1) D:5            Lair (0/6) D:8
    Orc: D:9-12

Altars:
Gozag
Hepliaklqana
Kikubaaqudgha
Makhleb
Trog
Uskayaw
Vehumet
Xom

Shops:
D:5 }   D:10 (


Innate Abilities, Weirdness & Mutations

You are resistant to torment.
Your stone body is resilient. (AC +7)
You are immune to poison.
You resist negative energy. (rN+)
You are resistant to electric shocks. (rElec)
You can survive without breathing.
You are immune to petrification.
You are immune to rotting.
You have large cloven feet.
Your skin changes colour to match your surroundings (Stealth+).
Your flesh is cold resistant. (rC+)
You are dopey. (Int -2)
You are very weak. (Str -4)


Message History

Confirm with . or Enter, or press ? or * to list all spells.
Aiming: Stone Arrow
Press: ? - help, Shift-Dir - straight line Something hits you but does no damage. x2
Casting: Stone Arrow
Confirm with . or Enter, or press ? or * to list all spells.
You can't see any susceptible monsters within range! (Use Z to cast anyway.)
Casting: Stone Arrow
Confirm with . or Enter, or press ? or * to list all spells.
Aiming: Sandblast
Press: ? - help, Shift-Dir - straight line The blast of sand hits something.
Something hits you. Something hits you but does no damage.
The troll closely misses you. The troll claws you!
* * * LOW HITPOINT WARNING * * *
The troll claws you!
* * * LOW HITPOINT WARNING * * *
Something hits you but does no damage. Something hits you but does no damage.
Something hits you!
You die...

####'### ... #.# ...
#)# #'# #.# #.# #.#
#.#####.#
#.##....#####
..#####.##T...'......
.........@....#######
#....##.#####.# ##.
#.# #... #.# ..###
#.# .!' #... #.# ..#
...##.# #..##.#
#..##.#


You could see a troll.

Vanquished Creatures
  Erica (D:10)
  A deep elf mage (D:11)
  A cyclops (D:10)
  Maurice (D:11)
  Joseph (D:8)
  A gargoyle (D:10)
  3 trolls
  3 hippogriffs
  4 yaks
  A spriggan (D:10)
  A wyvern (D:11)
  An orc warrior (D:6)
  A black bear (D:6)
  A sky beast (D:10)
  3 ice beasts
  4 ogres
  7 centaurs
  A necrophage (D:10)
  A phantom (D:8)
  4 big kobolds
  A crocodile (D:8)
  A wyvern zombie (D:9)
  6 bullfrogs
  2 scorpions
  6 killer bees
  4 wights (D:7)
  4 howler monkeys
  5 crimson imps
  A bullfrog zombie (D:9)
  A centaur zombie (D:9)
  3 hounds
  3 jellies
  3 orc priests
  2 centaur skeletons
  3 bullfrog skeletons
  Natasha (thrice) (D:3)
  3 iguanas
  4 orc wizards
  9 worker ants
  A worker ant zombie (D:7)
  3 hound skeletons
  Robin (D:4)
  11 gnolls
  5 adders
  4 shadow imps
  2 dart slugs
  5 leopard geckos
  28 orcs
  A ball python (D:1)
  9 giant cockroaches
  15 goblins
  4 hobgoblins
  10 jackals
  3 quokkas
  7 bats
  4 frilled lizards
  31 kobolds
  7 rats
256 creatures vanquished.

Vanquished Creatures (others)
  A wyvern (D:9)
1 creature vanquished.

Grand Total: 257 creatures vanquished

Notes
Turn   | Place    | Note
-------+----------+-------------------------------------------
     0 | D:1      | Junicave the Gargoyle Earth Elementalist began the quest for the Orb.
     0 | D:1      | Reached XP level 1. HP: 10/10 MP: 3/3
   384 | D:1      | Reached XP level 2. HP: 15/15 MP: 1/5
   399 | D:1      | Reached skill level 4 in Earth Magic
  1315 | D:1      | Reached XP level 3. HP: 19/19 MP: 6/6
  1320 | D:1      | Learned a level 3 spell: Stone Arrow
  2302 | D:2      | Found a radiant altar of Vehumet.
  2318 | D:2      | Became a worshipper of Vehumet
  2494 | D:2      | Reached skill level 1 in Conjurations
  2744 | D:2      | Reached XP level 4. HP: 20/24 MP: 8/8
  3156 | D:3      | Noticed Natasha
  3165 | D:3      | Killed Natasha
  3287 | D:3      | Noticed Natasha
  3300 | D:3      | Killed Natasha
  3300 | D:3      | Reached skill level 1 in Maces & Flails
  3300 | D:3      | Reached XP level 5. HP: 5/28 MP: 5/9
  3584 | D:3      | Found a hide-covered altar of Uskayaw.
  3647 | D:3      | Learned a level 5 spell: Lee's Rapid Deconstruction
  3689 | D:3      | Found an ancient bone altar of Kikubaaqudgha.
  3721 | D:3      | Gained mutation: You are dopey. (Int -2) [potion of mutation]
  3721 | D:3      | Gained mutation: Your skin changes colour to match your surroundings (Stealth+). [potion of mutation]
  3819 | D:3      | Noticed Natasha
  3831 | D:3      | Killed Natasha
  3929 | D:3      | Found a burning altar of Makhleb.
  3930 | D:3      | Found a hazy altar of Hepliaklqana.
  4216 | D:4      | Noticed Robin
  4226 | D:4      | Reached * piety under Vehumet
  4226 | D:4      | Offered knowledge of Freeze by Vehumet.
  4234 | D:4      | Killed Robin
  4482 | D:4      | Found a shimmering altar of Xom.
  4510 | D:4      | Reached XP level 6. HP: 29/32 MP: 10/10
  4933 | D:4      | Reached skill level 5 in Earth Magic
  5368 | D:4      | Found a shimmering altar of Xom.
  5773 | D:5      | Entered Level 5 of the Dungeon
  5786 | D:5      | Learned a level 3 spell: Mephitic Cloud
  5801 | D:5      | Reached XP level 7. HP: 34/36 MP: 12/12
  5841 | D:5      | Found a bloodstained altar of Trog.
  5968 | D:5      | Found a staircase to the Ecumenical Temple.
  6072 | D:5      | Found Nahivoes's Gadget Shop.
  6574 | D:5      | Reached skill level 1 in Fighting
  6846 | D:5      | Reached ** piety under Vehumet
  6846 | D:5      | Offered knowledge of Shock by Vehumet.
  6846 | D:5      | Reached skill level 1 in Poison Magic
  6849 | D:5      | Learned a level 1 spell: Shock
  7069 | D:6      | Reached XP level 8. HP: 44/44 MP: 12/14
  7457 | D:6      | Got an ancient robe
  7503 | D:6      | Identified the cursed +1 robe of Too Many Cooks {rC+ Regen+ Int+4} (You took it off an orc on level 6 of the Dungeon)
  7653 | D:6      | Reached skill level 5 in Spellcasting
  7653 | D:6      | Reached skill level 6 in Earth Magic
  7942 | D:7      | Noticed a hippogriff
  7953 | D:7      | Killed a hippogriff
  7953 | D:7      | Offered knowledge of Static Discharge by Vehumet.
  7953 | D:7      | Reached skill level 5 in Conjurations
  7958 | D:7      | Learned a level 3 spell: Conjure Flame
  7978 | D:7      | Reached skill level 1 in Fire Magic
  7978 | D:7      | Reached XP level 9. HP: 40/49 MP: 16/16
  8047 | D:7      | Found an opulent altar of Gozag.
  8308 | D:7      | Reached *** piety under Vehumet
  8572 | D:7      | Gained mutation: Your flesh is cold resistant. (rC+) [potion of mutation]
  8572 | D:7      | Gained mutation: You are weak. (Str -2) [potion of mutation]
  8572 | D:7      | Gained mutation: You have large cloven feet. [potion of mutation]
  8943 | D:7      | Found an opulent altar of Gozag.
  9445 | D:7      | Found an opulent altar of Gozag.
  9900 | D:7      | Offered knowledge of Ignite Poison by Vehumet.
  9909 | D:7      | Learned a level 3 spell: Ignite Poison
 10109 | D:8      | Noticed Joseph
 10317 | D:8      | Reached skill level 1 in Evocations
 10345 | D:8      | Found a staircase to the Lair.
 10355 | D:8      | Reached skill level 7 in Earth Magic
 10496 | D:8      | Reached XP level 10. HP: 56/56 MP: 19/19
 10624 | D:8      | Killed Joseph
 10802 | D:8      | Reached skill level 5 in Maces & Flails
 11327 | D:8      | Found a staircase to the Lair.
 11665 | D:9      | Reached **** piety under Vehumet
 11778 | D:9      | Offered knowledge of Force Lance by Vehumet.
 11800 | D:9      | Identified a +2 rod of ignition (14/14) (You found it on level 9 of the Dungeon)
 12405 | D:10     | Entered Level 10 of the Dungeon
 12427 | D:10     | Noticed a gargoyle
 12429 | D:10     | Killed a gargoyle
 12476 | D:10     | Noticed a cyclops
 12612 | D:10     | Killed a cyclops
 12785 | D:10     | Found Xusuc's Antique Weapon Boutique.
 12838 | D:10     | Reached XP level 11. HP: 61/62 MP: 13/21
 12853 | D:10     | Reached ***** piety under Vehumet
 12853 | D:10     | Offered knowledge of Irradiate by Vehumet.
 13023 | D:10     | Learned a level 5 spell: Irradiate
 13074 | D:10     | Reached skill level 5 in Fighting
 13074 | D:10     | Reached skill level 8 in Earth Magic
 13245 | D:10     | Noticed a frost giant
 13246 | D:10     | Noticed a deep elf mage
 13249 | D:10     | Noticed a centaur warrior
 13273 | D:10     | Noticed Erica
 13289 | D:10     | Killed Erica
 13289 | D:10     | Reached skill level 5 in Poison Magic
 13605 | D:10     | Gained mutation: You are very weak. (Str -4) [mutagenic meat]
 13716 | D:10     | Found Xusuc's Antique Weapon Boutique.
 13736 | D:11     | Noticed Maurice
 13744 | D:11     | Killed Maurice
 13945 | D:11     | Noticed a deep elf mage
 13959 | D:11     | Killed a deep elf mage
 13981 | D:11     | HP: 3/64 [troll (10)]
 13983 | D:11     | Slain by an unseen horror

Vault maps used:
D:1:      minmay_arrival_semitransparent
D:2:      vehumet_crystals
D:3:      lemuel_doored_altar, gammafunk_temple_overflow_statue,
          nicolae_overflow_crystal_walls, hangedman_decor_points,
          serial_bayou_lake_a, uniq_natasha
D:4:      xom_teletrap_fun, uniq_robin
D:5:      first_bread, serial_shops, kennysheep_little_box,
          trog_three_pillars_becter
D:7:      basic_altar
D:8:      lair_entry_dummy, uniq_maurice, uniq_joseph
D:10:     serial_shops, kennysheep_mini_moat, the_bakery,
          onia_ninara_dug_in_and_dangerous, uniq_erica
D:11:     erik_orc_2

Skill      XL: |  1  2  3  4  5  6  7  8  9 10 11 |
---------------+----------------------------------+-----
Earth Magic    | 4 5 6 7 8 |  8.3
Conjurations   | 1 2 3 5 6 |  6.9
Dodging        | 2 3 4 |  4.7
Maces & Flails | 1 2 3 4 5 6 |  6.0
Spellcasting   | 3 4 5 6 7 |  7.3
Fighting       | 1 2 4 5 |  5.2
Poison Magic   | 1 2 3 4 5 |  5.1
Fire Magic     | 1 3 4 |  4.9
Evocations     | 1 3 4 |  4.1
Stealth        | |  2.1
Transmutations | |  0.7

Action                   |  1- 3 |  4- 6 |  7- 9 | 10-12 || total
-------------------------+-------+-------+-------+-------++-------
Melee: Unarmed           |    76 |       |       |       ||    76
       Mace              |    92 |    71 |       |       ||   163
       Club              |       |    70 |   142 |    80 ||   292
       Staff             |       |       |   116 |     9 ||   125
       Kick              |       |       |    16 |    12 ||    28
 Cast: Sandblast         |    23 |    13 |    12 |    27 ||    75
       Stone Arrow       |       |    11 |    98 |    88 ||   197
       Shock             |       |       |    35 |    29 ||    64
       Mephitic Cloud    |       |       |    12 |     4 ||    16
       Lee's Rapid Decon |       |       |       |    12 ||    12
Evoke: Rod               |       |       |       |    15 ||    15
  Use: Scroll            |     5 |     2 |     1 |    10 ||    18
       Potion            |       |     3 |     4 |     3 ||    10
 Stab: Sleeping          |     1 |     7 |     2 |       ||    10
       Distracted        |       |       |     1 |       ||     1
       Confused          |       |       |     2 |     1 ||     3
  Eat: Chunk             |     2 |     9 |    12 |    21 ||    44
       Bread ration      |     1 |       |     1 |       ||     2
       Pizza             |       |     1 |     2 |     1 ||     4
       Beef jerky        |       |       |     1 |     2 ||     3
Armor: Robe              |    36 |    75 |   161 |   104 ||   376
       Leather armour    |    54 |       |       |       ||    54
       Plate armour      |     6 |       |       |       ||     6
Dodge: Dodged            |   135 |   107 |   250 |   125 ||   617
